 Dungeon Crawl Stone Soup version 0.24.0-1-gfbc8707122 (webtiles) character file.

Game seed: 16417391674185020465, levelgen mode: deterministic

26385 Johnny the Geomancer (level 12, -1/94 HPs)
             Began as a Demigod Earth Elementalist on Oct 28, 2019.
             Slain by an orc warrior
             ... wielding a +2 mace of crushing
              (13 damage)
             ... on level 13 of the Dungeon.
             The game lasted 00:17:01 (12691 turns).

Johnny the Geomancer (Demigod Earth Elementalist)  Turns: 12691, Time: 00:17:01

Health: -1/94      AC: 13    Str: 17    XL:     12   Next: 60%
Magic:  13/30      EV: 15    Int: 30    God:
Gold:   533        SH:  0    Dex: 16    Spells: 18/31 levels left

rFire    . . .     SeeInvis +   A - +11 long sword "Buorch" {slice, rElec Str+6}
rCold    . . .     Gourm    .   (no shield)
rNeg     . . .     Faith    .   I - +4 troll leather armour
rPois    .         Spirit   .   D - +2 helmet {Int+3}
rElec    +         Reflect  .   j - +0 cloak
rCorr    .         Harm     .   (no gloves)
MR       +....                  J - +0 pair of boots
Stlth    ++........             (no amulet)
HPRegen  0.65/turn              n - ring of see invisible
MPRegen  0.22/turn              l - ring of wizardry

@: no status effects
A: high mp 1
a: no special abilities


You were on level 13 of the Dungeon.
You were near starving.

You visited 1 branch of the dungeon, and saw 13 of its levels.

You collected 855 gold pieces.
You spent 322 gold pieces at shops.

Inventory:

Hand Weapons
 A - the +11 long sword "Buorch" (weapon) {slice, rElec Str+6}
   (You took it off a crimson imp on level 5 of the Dungeon)

   It inflicts extra damage upon your enemies.
   It affects your strength (+6).
   It insulates you from electricity.
 M - the +6 quarterstaff of Jaimabic {drain, rN+ MR+ Dex-2}
   (You found it on level 12 of the Dungeon)

   A truly terrible weapon, it drains the life of those it strikes.
   It affects your dexterity (-2).
   It protects you from negative energy.
   It affects your resistance to hostile enchantments.
Missiles
 b - 261 stones (quivered)
 P - 7 silver javelins
Armour
 j - a +0 cloak (worn)
 D - a +2 helmet of intelligence (worn)
 I - a +4 troll leather armour (worn)
 J - a +0 pair of boots (worn)
Magical Staves
 t - an uncursed staff of fire {unknown}
Jewellery
 l - a ring of wizardry (right hand)
 n - a ring of see invisible (left hand)
 K - an uncursed amulet of harm
 T - an uncursed ring of protection from cold
 U - an uncursed ring of protection from cold
Wands
 c - a wand of enslavement (8)
 B - a wand of polymorph (6)
 E - a wand of flame (23)
 G - a wand of iceblast (6)
 N - a wand of random effects (33)
 O - a wand of digging (5)
 S - a wand of paralysis (6)
Scrolls
 a - 2 scrolls of brand weapon {unknown}
 f - 8 scrolls of remove curse
 g - a scroll of blinking {unknown}
 i - 3 scrolls of magic mapping
 m - a scroll of random uselessness {unknown}
 q - a scroll of noise {unknown}
 r - 3 scrolls of teleportation
 w - 2 scrolls of enchant weapon {unknown}
 y - 2 scrolls of fear
 H - 3 scrolls of fog
 L - a scroll of torment
 Q - 2 scrolls of identify
 R - 3 scrolls of immolation {unknown}
Potions
 h - 2 potions of berserk rage
 k - a potion of invisibility
 o - a potion of curing
 p - a potion of resistance
 s - 2 potions of magic
 u - 2 potions of might
 v - 3 potions of lignification
 x - 3 potions of haste
 z - 2 potions of agility
 C - a potion of mutation {unknown}
Comestibles
 d - 15 rations


   Skills:
 + Level 5.5 Fighting
 + Level 5.2 Dodging
 - Level 1.7 Stealth
 + Level 10.2 Spellcasting
 - Level 0.8 Transmutations
 * Level 14.9 Earth Magic


You had 18 spell levels left.
You knew the following spells:

 Your Spells              Type           Power        Failure   Level  Hunger
a - Sandblast             Erth           ######       0%          1    None
b - Stone Arrow           Conj/Erth      ######       1%          3    None
c - Lee's Rapid Deconstr  Erth           #######...   1%          5    ###....
d - Petrify               Tmut/Erth      ######..     1%          4    None

Your spell library contained the following spells:

 Spells                   Type           Power        Failure   Level  Hunger
 Beastly Appendage        Tmut           ###...       1%          1    None
 Passwall                 Tmut/Erth      ######..     1%          2    None
 Sticks to Snakes         Tmut           ###.....     1%          2    None
 Spider Form              Tmut/Pois      ###.......   4%          3    None
 Ice Form                 Ice/Tmut       ###.....     14%         4    None
 Blade Hands              Tmut           ###.......   32%         5    ###....


Dungeon Overview and Level Annotations

Branches:
Dungeon (13/15)            Temple (0/1) D:5            Lair (0/6) D:9
    Orc (0/2) D:12
 Vaults: D:13-14

Shops:
D:7 =   D:8 ?[

Annotations:
D:5 2 transporters


Innate Abilities, Weirdness & Mutations

You have an increased reservoir of magic. (+10% MP)


Message History

Casting: Sandblast (safe; 0% risk of failure)
Confirm with . or Enter, or press ? or * to list all spells.
Aiming: Sandblast (safe; 0% risk of failure)
Press: ? - help, Shift-Dir - straight line, f/p - orc warrior
Aim: an orc warrior, wielding a +2 mace of crushing and wearing a +0 plate armour The blast of sand hits the orc warrior!!
The orc warrior is almost dead.
b - 261 stones The orc warrior hits you with a +2 mace of crushing!
* * * LOW HITPOINT WARNING * * *
x2 An ogre comes into view. It is wielding a +0 giant club.
Casting: Sandblast (safe; 0% risk of failure)
Confirm with . or Enter, or press ? or * to list all spells.
Aiming: Stone Arrow (safe; 1% risk of failure)
Press: ? - help, Shift-Dir - straight line, f/p - orc warrior
Aim: an orc warrior, wielding a +2 mace of crushing and wearing a +0 plate armour (almost dead)
The stone arrow hits the orc warrior.
The orc warrior is almost dead.
The orc warrior hits you with a +2 mace of crushing!
You die...

...o. ... ..... ..... ...o..
##....######.....c
..........))......
#........[)# #..........#
#........o(# #........@.#
#.## #.........(# #..#
#.......#######..# ###
#.......#.....#..# ..
#.......#..#.##..##. #
#..O....#.#.#.#..#.# .#
#####.......#..##.#..#.##..#
........###.#.#.)........#
### #####...#
#.#####.#..#)#####..


You could see an orc warrior and an ogre.

Vanquished Creatures
  Jorgrun (D:11)
  Harold (D:8)
  A centaur warrior (D:13)
  A death knight (D:11)
  A hydra (D:13)
  Erica (D:9)
  2 two-headed ogres (D:10)
  A deep elf knight (D:13)
  A skeletal warrior (D:13)
  An unseen horror (D:13)
  An ugly thing (D:13)
  Pikel (D:6)
  2 deep elf magi (D:13)
  A manticore (D:11)
  5 cyclopes
  Maurice (D:11)
  2 centaur skeletons
  A gargoyle (D:6)
  4 kobold demonologists
  3 yaktaurs (D:13)
  A komodo dragon (D:9)
  3 trolls
  Prince Ribbit (D:8)
  A hornet (D:13)
  4 hippogriffs
  A shadow (D:12)
  A vampire (D:9)
  2 wyverns
  8 yaks
  A hungry ghost (D:11)
  A steam dragon (D:10)
  2 vampire mosquitoes (D:13)
  A soldier ant (D:13)
  A water moccasin (D:9)
  8 orc warriors
  A black bear (D:11)
  3 sky beasts
  A slave (D:6)
  3 necrophages
  5 phantoms
  4 ice beasts
  5 ogres
  9 centaurs
  A crocodile (D:7)
  4 big kobolds
  3 bullfrogs
  3 gnoll sergeants
  2 wyvern skeletons
  3 scorpions
  11 wights
  2 howler monkeys
  8 crimson imps
  3 centaur zombies
  3 bullfrog zombies
  2 jellies
  8 hounds
  12 orc wizards
  A quasit (D:9)
  5 bullfrog skeletons
  8 orc priests
  4 iguanas
  4 worker ants
  2 hound zombies
  A howler monkey zombie (D:9)
  2 worker ant zombies
  15 gnolls
  7 adders
  2 shadow imps (D:6)
  An ooze (D:2)
  An adder zombie (D:9)
  2 adder skeletons
  4 worms (D:2)
  4 dart slugs
  5 leopard geckos
  32 orcs
  4 giant cockroaches
  5 goblins
  8 hobgoblins
  10 jackals
  13 kobolds
  6 quokkas
  4 bats
  6 frilled lizards
  7 rats
327 creatures vanquished.

Vanquished Creatures (others)
  A centaur zombie (D:12)
  9 plants (D:9)
10 creatures vanquished.

Grand Total: 337 creatures vanquished

Notes
Turn   | Place    | Note
-------+----------+-------------------------------------------
     0 | D:1      | Johnny the Demigod Earth Elementalist began the quest for
                  | the Orb.
     0 | D:1      | Reached XP level 1. HP: 14/14 MP: 5/5
    55 | D:1      | Reached skill level 3 in Earth Magic
    62 | D:1      | Reached XP level 2. HP: 20/20 MP: 1/7
   492 | D:1      | Reached XP level 3. HP: 26/26 MP: 9/9
   756 | D:2      | Found a hazy altar of Hepliaklqana.
  1006 | D:2      | Reached skill level 4 in Earth Magic
  1083 | D:2      | Reached XP level 4. HP: 32/33 MP: 8/10
  1624 | D:3      | Reached XP level 5. HP: 28/38 MP: 10/12
  1855 | D:3      | Reached skill level 5 in Earth Magic
  2130 | D:4      | Learned a level 3 spell: Stone Arrow
  2136 | D:4      | Learned a level 5 spell: Lee's Rapid Deconstruction
  2778 | D:5      | Entered Level 5 of the Dungeon
  2778 | D:5      | Noticed an ogre
  2780 | D:5      | Noticed a sky beast
  2782 | D:5      | Killed an ogre
  2782 | D:5      | Reached XP level 6. HP: 45/45 MP: 1/14
  3024 | D:5      | Noticed a yak
  3034 | D:5      | Killed a yak
  3034 | D:5      | Reached skill level 6 in Earth Magic
  3139 | D:5      | Identified the +11 long sword "Buorch" {slice, rElec Str+6}
  3149 | D:5      | Reached XP level 7. HP: 22/50 MP: 13/16
  3365 | D:5      | Found a staircase to the Ecumenical Temple.
  3391 | D:5      | Found a transporter.
  3721 | D:5      | Found a transporter.
  3729 | D:5      | Noticed a fire bat
  3729 | D:5      | Noticed a fire bat
  3913 | D:6      | Reached skill level 7 in Earth Magic
  4282 | D:6      | Reached skill level 5 in Spellcasting
  4282 | D:6      | Reached XP level 8. HP: 57/57 MP: 15/19
  4382 | D:6      | Noticed a gargoyle
  4384 | D:6      | Killed a gargoyle
  4384 | D:6      | Reached skill level 8 in Earth Magic
  4429 | D:6      | Reached skill level 9 in Earth Magic
  5040 | D:6      | Noticed Pikel
  5045 | D:6      | Killed Pikel
  5262 | D:7      | Reached XP level 9. HP: 62/62 MP: 19/22
  5315 | D:7      | Reached skill level 10 in Earth Magic
  5595 | D:7      | Found Risikhay's Jewellery Shoppe.
  5873 | D:8      | Found Soadiaru's Magic Scroll Shop.
  5876 | D:8      | Bought a scroll of identify for 28 gold pieces
  5876 | D:8      | Bought a scroll of identify for 28 gold pieces
  5876 | D:8      | Bought a scroll of identify for 28 gold pieces
  5880 | D:8      | Bought a scroll of enchant armour for 105 gold pieces
  5880 | D:8      | Bought a scroll of fear for 49 gold pieces
  5880 | D:8      | Bought 3 scrolls of fog for 84 gold pieces
  6010 | D:8      | Noticed Prince Ribbit
  6016 | D:8      | Killed Prince Ribbit
  6124 | D:8      | Found Goxonwe's Antique Armour Shop.
  6293 | D:8      | Reached skill level 11 in Earth Magic
  6334 | D:8      | Learned a level 4 spell: Petrify
  6571 | D:8      | Noticed Harold
  6581 | D:8      | Killed Harold
  6581 | D:8      | Reached XP level 10. HP: 27/69 MP: 4/25
  7230 | D:9      | Found a staircase to the Lair.
  7340 | D:9      | Noticed Erica
  7347 | D:9      | Killed Erica
  7347 | D:9      | Reached skill level 12 in Earth Magic
  8382 | D:10     | Entered Level 10 of the Dungeon
  8533 | D:10     | Noticed a two-headed ogre
  8539 | D:10     | Killed a two-headed ogre
  8976 | D:10     | Noticed a two-headed ogre
  8980 | D:10     | Killed a two-headed ogre
  8980 | D:10     | Reached skill level 13 in Earth Magic
  8980 | D:10     | Reached XP level 11. HP: 24/74 MP: 12/28
  9940 | D:11     | Reached skill level 1 in Fighting
 10190 | D:12     | Noticed Urug
 10194 | D:12     | Noticed Urug
 10194 | D:12     | Urug changed into Urug the hippogriff
 10203 | D:12     | Killed Urug the hippogriff
 10280 | D:12     | Got a steaming quarterstaff
 10295 | D:11     | Identified the +6 quarterstaff of Jaimabic {drain, rN+ MR+
                  | Dex-2} (You found it on level 12 of the Dungeon)
 10678 | D:12     | Noticed Jorgrun
 10831 | D:11     | Noticed Maurice
 10834 | D:11     | Killed Maurice
 11045 | D:11     | Reached skill level 14 in Earth Magic
 11181 | D:11     | Noticed a death knight
 11202 | D:11     | Killed a death knight
 11588 | D:11     | Killed Jorgrun
 11588 | D:11     | Reached XP level 12. HP: 52/91 MP: 30/30
 11788 | D:12     | Found a staircase to the Orcish Mines.
 11940 | D:13     | Noticed a six-headed hydra
 11944 | D:13     | Killed a six-headed hydra
 11992 | D:13     | Reached skill level 10 in Spellcasting
 12109 | D:13     | Paralysed by a hornet for 1 turns
 12125 | D:13     | Reached skill level 5 in Fighting
 12297 | D:13     | Reached skill level 5 in Dodging
 12677 | D:13     | Noticed a centaur warrior
 12686 | D:13     | Killed a centaur warrior
 12691 | D:13     | Slain by an orc warrior

Levels and vault maps discovered:
D:1:      dpeg_arrival_windows_large_door, layout_loops_ring, glass_columns_c
D:2:      layout_rooms, old_standard_altar, first_ration, minmay_circle_x
D:3:      layout_basic
D:4:      layout_basic
D:5:      gammafunk_cloud_chamber, layout_loops_ring, minmay_temple_entry_trees,
          chequers_serial_rivers_micro_a, chequers_serial_rivers_micro_d,
          minmay_small_thing
D:6:      layout_gridville, uniq_pikel
D:7:      layout_rooms, serial_shops, nicolae_shop_waterfront
D:8:      layout_loops_ring, serial_shops, shop, shop, uniq_prince_ribbit1,
          uniq_harold
D:9:      layout_gridville, david_lair_shrubbed, uniq_erica
D:10:     layout_basic
D:11:     layout_basic, uniq_maurice
D:12:     layout_cave_pools, david_orc_4, uniq_urug, uniq_jorgrun
D:13:     layout_basic, hangedman_vaults_entry_quadrant_bands,
          blue_anna_alchemist [blue_anna_fruit_fields, blue_anna_fruit_fields]

Skill      XL: |  1  2  3  4  5  6  7  8  9 10 11 12 |
---------------+-------------------------------------+-----
Earth Magic    | 3 4 5 6 7 9 11 13 14 | 14.9
Spellcasting   | 2 3 4 5 6 7 8 9 10 | 10.2
Fighting       | 4 5 |  5.5
Dodging        | 3 5 |  5.2
Stealth        | |  1.7
Transmutations | |  0.8

Action                   |  1- 3 |  4- 6 |  7- 9 | 10-12 || total
-------------------------+-------+-------+-------+-------++-------
Melee: Unarmed           |     4 |       |       |       ||     4
       Dagger            |   143 |    81 |       |       ||   224
       Long sword        |       |       |    62 |   143 ||   205
 Cast: Sandblast         |    20 |    33 |    44 |   147 ||   244
       Lee's Rapid Decon |       |     2 |    15 |    75 ||    92
       Stone Arrow       |       |       |       |    19 ||    19
       Petrify           |       |       |       |     1 ||     1
Evoke: Wand              |       |       |     9 |     7 ||    16
  Use: Potion            |     1 |       |     1 |     5 ||     7
       Scroll            |       |     1 |     8 |     9 ||    18
 Stab: Sleeping          |     9 |     5 |     3 |     1 ||    18
       Distracted        |     1 |       |       |       ||     1
  Eat: Chunk             |     1 |     7 |    11 |    30 ||    49
       Ration            |       |       |     1 |       ||     1
Armor: Robe              |    52 |    41 |     9 |    11 ||   113
       Skin              |       |       |       |     6 ||     6
       Troll leather arm |       |       |       |    66 ||    66
Dodge: Dodged            |   108 |    57 |    49 |   212 ||   426
       Rpst.: Long sword |       |       |    13 |    60 ||    73
